 Dungeon Crawl Stone Soup version 0.19-a0-1268-g6c5d9f8 (webtiles) character file.

156 Lindan9 the Conjurer (level 5, -1/35 HPs)
             Began as a Human Conjurer on Aug 29, 2016.
             Slain by an iguana (13 damage)
             ... on level 4 of the Dungeon.
             The game lasted 00:13:11 (3287 turns).

Lindan9 the Conjurer (Human Conjurer)               Turns: 3287, Time: 00:13:12

Health: -1/35      AC:  5    Str:  9    XL:     5   Next: 64%
Magic:  2/9        EV: 13    Int: 16    God:
Gold:   214        SH:  5    Dex: 16    Spells: 1 memorised, 8 levels left

rFire  . . .     SeeInvis .     f - +1 dagger
rCold  . . .     Gourm    .     j - +1 robe
rNeg   . . .     Faith    .     (no shield)
rPois  .         Spirit   .     (no helmet)
rElec  .         Dismiss  .     (no cloak)
rCorr  .         Reflect  +     m - +1 pair of gloves
MR     .....     Harm     .     (no boots)
Stlth  ++........               i - +5 amulet of reflection
                                (no ring)
                                o - +3 ring of dexterity

@: no status effects
A: no striking features
a: no special abilities


You were on level 4 of the Dungeon.
You were not hungry.

You visited 1 branch of the dungeon, and saw 4 of its levels.

You collected 214 gold pieces.

Inventory:

Hand Weapons
 f - a +1 dagger (weapon)
 h - a +0 dagger
Armour
 a - a +0 robe
 j - a +1 robe (worn)
 m - a +1 pair of gloves (worn)
Jewellery
 i - a +5 amulet of reflection (around neck)
 o - a +3 ring of dexterity (left hand)
Wands
 c - a wand of acid (6/15)
Scrolls
 e - a scroll of amnesia {unknown}
 k - a scroll of fog {unknown}
 n - 2 scrolls of random uselessness {unknown}
 q - 3 scrolls of remove curse
Potions
 d - 2 potions of mutation
Books
 b - a book of Conjurations

   Spells                             Type                      Level
   a - Magic Dart                     Conjuration                  1
   b - Searing Ray                    Conjuration                  2
   c - Dazzling Spray                 Conjuration/Hexes            3
   d - Fulminant Prism                Conjuration/Hexes            4
   e - Iskenderun's Mystic Blast      Conjuration                  4
   f - Iskenderun's Battlesphere      Conjuration/Charms           5
Comestibles
 g - a bread ration
 l - a royal jelly
 p - a meat ration
 r - a beef jerky


   Skills:
 + Level 2.4 Dodging
 + Level 2.1 Stealth
 + Level 2.8 Spellcasting
 * Level 5.8 Conjurations


You had 8 spell levels left.
You knew the following spells:

 Your Spells              Type           Power        Failure   Level  Hunger
a - Magic Dart            Conj           ###.         1%          1    #......


Dungeon Overview and Level Annotations

Branches:
Dungeon (4/15)
 Temple: D:4-7

Altars:
Kikubaaqudgha
The Shining One

Annotations:
D:4 mdk's ghost, novice DECj


Message History

Casting: Magic Dart
Confirm with . or Enter, or press ? or * to list all spells.
Aiming: Magic Dart
Press: ? - help, Shift-Dir - straight line, f/p - iguana
Aim: an iguana (heavily wounded)
The magic dart hits the iguana.
The iguana is heavily wounded.
The iguana bites you.
Casting: Magic Dart
Confirm with . or Enter, or press ? or * to list all spells.
Aiming: Magic Dart
Press: ? - help, Shift-Dir - straight line, f/p - iguana
Aim: an iguana (heavily wounded)
The magic dart hits the iguana.
The iguana is severely wounded.
The iguana misses you.
You hit the iguana but do no damage.
The iguana is severely wounded.
The iguana bites you!
You die...

# ##.## # #..(# #####
#.<.# ....# #...# ###.#
#...# ##### .##.# #...#
#... .##.#####...###.###
.##...............##
................@l.#
........................
.##.#####...###........#
.##.# #...# #..###...#
.##.# #...# ##.# ..#
....# #...# #.# ## .####
#...# #.. .# #.... ###
.# ###.##


You could see an iguana.

Vanquished Creatures
  An iguana (D:4)
  Robin (D:4)
  3 adders
  An ooze (D:4)
  A worm (D:4)
  A dart slug (D:4)
  3 giant geckos
  An orc (D:3)
  10 bats
  5 giant cockroaches
  14 goblins
  10 hobgoblins
  8 jackals
  A quokka (D:2)
  2 giant newts
  3 kobolds
  7 rats
72 creatures vanquished.

Notes
Turn   | Place    | Note
-------+----------+-------------------------------------------
     0 | D:1      | Lindan9 the Human Conjurer began the quest for the Orb.
     0 | D:1      | Reached XP level 1. HP: 13/13 MP: 3/3
   267 | D:1      | Reached XP level 2. HP: 19/19 MP: 1/5
   876 | D:2      | Reached XP level 3. HP: 24/24 MP: 1/6
  1207 | D:2      | Found a glowing golden altar of the Shining One.
  1211 | D:2      | Reached skill level 5 in Conjurations
  1211 | D:2      | Reached XP level 4. HP: 25/30 MP: 2/7
  1765 | D:3      | Found a faded altar of an unknown god.
  2515 | D:4      | Reached XP level 5. HP: 15/35 MP: 0/8
  2813 | D:4      | Noticed Robin
  2841 | D:4      | Killed Robin
  3155 | D:4      | Found an ancient bone altar of Kikubaaqudgha.
  3207 | D:4      | Noticed mdk's ghost (novice DECj)
  3287 | D:4      | Slain by an iguana

Vault maps used:
D:1:      minmay_arrival_four_loops
D:2:      marbit_many_paths
D:3:      ecumenical_altar_1
D:4:      nicolae_overflow_crystal_walls, portal_sewer_entry_d, serial_shops,
          kennysheep_little_box, minivault_23, hangedman_minor_gate_pass,
          uniq_robin

Skill      XL: |  1  2  3 |
---------------+----------+-----
Conjurations   | 5 |  5.8
Dodging        | |  2.4
Stealth        | |  2.1
Spellcasting   | |  2.8

Action                   |  1- 3 |  4- 6 || total
-------------------------+-------+-------++-------
Melee: Unarmed           |     1 |       ||     1
       Dagger            |     6 |    35 ||    41
 Cast: Magic Dart        |    66 |    93 ||   159
  Use: Scroll            |     3 |     4 ||     7
       Potion            |       |     4 ||     4
  Eat: Bread ration      |     1 |     1 ||     2
Armor: Robe              |     5 |    18 ||    23
Dodge: Dodged            |    10 |    51 ||    61
Block: Other             |     5 |    21 ||    26
